 Dungeon Crawl Stone Soup version 0.31-a0-232-gb1c03b2570 (webtiles) character file.

Game seed: 14238698068998490212

11555 nono the Blocker (level 12, -1/98 HPs)
             Began as a Formicid Delver on July 7, 2023.
             Was an Elder of Okawaru.
             Slain by a boulder beetle (14 damage)
             ... on level 1 of the Lair of Beasts.
             The game lasted 00:26:41 (11775 turns).

nono the Blocker (Formicid Delver)                 Turns: 11775, Time: 00:26:42

Health: -1/98      AC: 14    Str: 21    XL:     12   Next: 9%
Magic:  15/15      EV:  9    Int: 13    God:    Okawaru [****..]
Gold:   378        SH: 12    Dex: 15    Spells: 11/11 levels left

rFire   + . .        s - +5 hand axe of Rotation {flame, rCorr Int+2}
rCold   . . .        B - +0 kite shield {AC+3}
rNeg    . . .        F - +0 chain mail of Hyshic {rF+}
rPois   .            (helmet unavailable)
rElec   .            (no cloak)
rCorr   +            (no gloves)
SInv    +            (no boots)
Will    +....        (no amulet)
Stlth   +            (no ring)
HPRegen 0.36/turn    (no ring)
MPRegen 0.14/turn

%: no passive effects
@: no status effects
A: permanent stasis, dig shafts and tunnels, antennae 3, four strong arms
a: Dig, Shaft Self, Renounce Religion, Heroism, Finesse


You were on level 1 of the Lair of Beasts.
You worshipped Okawaru.
Okawaru was greatly pleased with you.
You visited 3 branches of the dungeon, and saw 13 of its levels.
You also visited: Ice Cave.

You collected 607 gold pieces.
You spent 229 gold pieces at shops.

Inventory:

Hand Weapons
 a - a +0 hand axe
 j - a +0 war axe
 n - a +1 dagger of venom
 s - the +5 hand axe of Rotation (weapon) {flame, rCorr Int+2}
   (You found it on level 2 of the Dungeon)

   Int:       It affects your intelligence (+2).
   rCorr:     It protects you from acid and corrosion.
 G - a +0 broad axe
 H - a +0 dagger of venom
Armour
 b - a +0 leather armour
 i - a +0 chain mail
 l - a +0 pair of boots
 u - the +0 scale mail of Snakes and Ladders {Harm rPois rN+ Dex-3}
   (You bought it in a shop on level 6 of the Dungeon)

   Dex:       It affects your dexterity (-3).
   rPois:     It protects you from poison.
   rN:        It protects you from negative energy.
   Harm:      It increases damage dealt and taken.
 B - a +0 kite shield of protection (worn)
 D - a +0 scale mail
 F - the +0 chain mail of Hyshic (worn) {rF+}
   (You took it off a gnoll on level 4 of the Dungeon)

   rF:        It protects you from fire.
Jewellery
 A - a +4 ring of protection
 J - an amulet of the acrobat
Wands
 f - a wand of digging (7)
 E - a wand of iceblast (7)
Scrolls
 c - 2 scrolls of fog
 e - 2 scrolls of fear
 m - a scroll of brand weapon
 o - 5 scrolls of enchant weapon {unknown}
 q - 6 scrolls of teleportation {unknown}
 v - 2 scrolls of immolation
 w - 4 scrolls of enchant armour
 y - 2 scrolls of poison {unknown}
Potions
 d - 4 potions of curing
 g - 6 potions of brilliance
 h - a potion of mutation
 k - a potion of might
 p - 2 potions of lignification
 r - 4 potions of enlightenment
 t - 2 potions of cancellation
 x - 3 potions of attraction


   Skills:
 - Level 10.4 Fighting
 - Level 9.2 Axes
 - Level 9.7 Armour
 + Level 4.2 Dodging
 - Level 6.1 Stealth
 - Level 10.9 Shields
 - Level 4.2 Invocations


You had 11 spell levels left.
You didn't know any spells.
Your spell library contained the following spells:

 Spells                   Type           Power      Damage    Failure   Level
 Apportation              Tloc           0%         N/A       96%         1
 Beastly Appendage        Tmut           0%         N/A       96%         1
 Wereblood                Tmut           0%         N/A       99%         2
 Portal Projectile        Hex/Tloc       0%         N/A       100%        3
 Spider Form              Tmut/Pois      0%         N/A       100%        3
 Manifold Assault         Tloc           0%         N/A       100%        4
 Alistair's Intoxication  Tmut/Pois      0%         N/A       100%        5
 Blade Hands              Tmut           0%         N/A       100%        5
 Storm Form               Tmut/Air       0%         N/A       100%        7
 Summon Small Mammal      Summ           Unusable   N/A       N/A         1
 Blink                    Tloc           Unusable   N/A       N/A         2
 Call Canine Familiar     Summ           Unusable   N/A       N/A         3
 Summon Guardian Golem    Hex/Summ       Unusable   N/A       N/A         3
 Tukima's Dance           Hex            Unusable   N/A       N/A         3

Dungeon Overview and Level Annotations

Branches:
Dungeon (11/15)            Temple (1/1) D:6            Lair (1/5) D:10
    Orc (0/2) D:9           IceCv (visited)

Altars:
Ashenzari
Cheibriados
Dithmenos
Elyvilon
Fedhas
Gozag
Hepliaklqana
Kikubaaqudgha
Makhleb
Nemelex Xobeh
Okawaru
Qazlal
Ru
Sif Muna
Trog
Uskayaw
Vehumet
Wu Jian
Xom
Yredelemnul
Zin
The Shining One

Shops:
D:2 *   D:6 [?   D:10 *

Annotations:
D:4 1 runed translucent door, Thantalas's ghost, amateur GrEE


Innate Abilities, Weirdness & Mutations

You cannot be hasted, slowed, berserked, paralysed or teleported.
You can dig through walls and to a lower floor.
You have a pair of large antennae on your head. (SInv)
Your four strong arms can wield two-handed weapons with a shield.


Message History

You are too injured to fight recklessly!
You are too injured to fight recklessly!
You are too injured to fight recklessly!
You hit the boulder beetle but do no damage.
The boulder beetle is lightly wounded.
You hit the boulder beetle but do no damage.
The boulder beetle is lightly wounded.
The boulder beetle bites you.
You hit the boulder beetle but do no damage.
The boulder beetle is lightly wounded.
You block the boulder beetle's attack.
You hit the boulder beetle but do no damage.
The boulder beetle is lightly wounded.
You hit the boulder beetle but do no damage.
The boulder beetle is lightly wounded.
You block the boulder beetle's attack.
You hit the boulder beetle but do no damage.
The boulder beetle is lightly wounded.
The boulder beetle leaps!
Things that are here:
a wyvern corpse; a yak corpse; a yak corpse You feel like a meek peon again.
The boulder beetle bites you!
* * * LOW HITPOINT WARNING * * *
You barely miss the boulder beetle.
The boulder beetle is lightly wounded.
The boulder beetle bites you!
* * * LOW HITPOINT WARNING * * *
Okay, then.
You hit the boulder beetle but do no damage.
The boulder beetle is lightly wounded.
You hit the boulder beetle but do no damage.
The boulder beetle is lightly wounded.
The boulder beetle bites you!
* * * LOW HITPOINT WARNING * * *
You feel better. You block the boulder beetle's attack.
You hit the boulder beetle. You burn the boulder beetle.
The boulder beetle is lightly wounded.
The boulder beetle bites you!
You die...

..........Y..
............
...........#
...........#
.........#
#......#
###.....#
#...B..#
#...@..#
##....###
##.....#.#
#.....#†##
#.....###
##....##
#......#
##....###
##.....#
######


You could see a boulder beetle.

Vanquished Creatures
  Pikel (D:7)
  Joseph (D:8)
  3 black mambas (Lair:1)
  A komodo dragon (D:9)
  An ice devil (Lair:1)
  2 basilisks
  15 yaks
  7 wyverns
  A steam dragon (D:8)
  4 water moccasins
  3 acid dragons (D:9)
  7 orc warriors (D:9)
  2 ice beasts (D:5)
  7 black bears
  4 ogres
  3 sky beasts
  3 centaurs
  3 wolves (D:10)
  7 bullfrogs
  3 kobold brigands
  A two-headed ogre simulacrum (IceCv)
  3 scorpions
  4 wights (D:10)
  8 killer bees
  3 electric eels
  3 hounds
  2 jellies
  4 orc priests
  Ijyb (D:4)
  An iguana (D:10)
  A sleepcap (D:8)
  7 orc wizards
  A polar bear simulacrum (IceCv)
  2 spriggan simulacra (IceCv)
  8 adders
  A gnoll (D:4)
  A shadow imp (D:7)
  17 white imps
  An ufetubus (IceCv)
  6 worms
  3 dart slugs
  39 orcs
  7 ball pythons
  6 bats
  9 endoplasms
  19 giant cockroaches
  13 goblins
  7 hobgoblins
  6 jackals
  7 quokkas
  3 frilled lizards (D:2)
  16 kobolds
  7 rats
295 creatures vanquished.

Vanquished Creatures (others)
  An orc (D:9)
1 creature vanquished.

Grand Total: 296 creatures vanquished

Notes
Turn   | Place    | Note
-------+----------+-------------------------------------------
     0 | D:5      | nono the Formicid Delver began the quest for the Orb.
     0 | D:5      | Reached XP level 1. HP: 18/18 MP: 1/1
     4 | D:5      | Found a white marble altar of Elyvilon.
   362 | D:2      | Reached XP level 2. HP: 24/24 MP: 2/2
   513 | D:1      | Reached skill level 1 in Armour
   517 | D:1      | Reached XP level 3. HP: 24/30 MP: 3/3
  1095 | D:1      | Reached XP level 4. HP: 37/37 MP: 4/4
  1544 | D:2      | Found Sirphi Fulo's Assorted Antiques.
  1768 | D:2      | Identified the +5 hand axe of Rotation {flame, rCorr Int+2}
  1815 | D:2      | Reached XP level 5. HP: 43/43 MP: 5/5
  2867 | D:3      | Found a broken altar of Ashenzari.
  3311 | D:4      | Noticed an ogre
  3606 | D:4      | Found a sacrificial altar of Ru.
  3606 | D:4      | Noticed Ijyb
  3623 | D:4      | Killed Ijyb
  3624 | D:4      | Reached skill level 1 in Shields
  3624 | D:4      | Reached XP level 6. HP: 29/50 MP: 6/6
  3681 | D:4      | Reached skill level 5 in Fighting
  3992 | D:4      | Found a runed translucent door.
  3993 | D:4      | Noticed Thantalas's ghost (amateur GrEE)
  3993 | D:4      | Noticed an orc warrior
  4085 | D:4      | Identified the +0 chain mail of Hyshic {rF+}
  4098 | D:4      | Reached XP level 7. HP: 37/56 MP: 7/7
  4437 | D:5      | Reached XP level 8. HP: 51/64 MP: 8/8
  4703 | D:5      | Reached skill level 5 in Axes
  4792 | D:5      | Reached skill level 5 in Armour
  4794 | D:5      | Reached skill level 5 in Shields
  4802 | D:5      | Identified the +2 ring mail "Veintaen" {Str+4 Int+6 Dex-3
                  | Stlth+}
  4916 | D:5      | Found a stormy altar of Qazlal.
  5143 | D:6      | Found a bloodstained altar of Trog.
  5153 | D:6      | Reached XP level 9. HP: 67/71 MP: 9/9
  5266 | D:6      | Found a staircase to the Ecumenical Temple.
  5286 | Temple   | Entered the Ecumenical Temple
  5520 | Temple   | Became a worshipper of Warmaster Okawaru
  5577 | D:6      | Found Caikom's Magic Scroll Shoppe.
  5578 | D:6      | Found Kegepluqe's Antique Armour Shoppe.
  5582 | D:6      | Bought a scroll of identify for 22 gold pieces
  5590 | D:6      | Bought a faintly glowing scale mail for 207 gold pieces
  5590 | D:6      | Identified the +0 scale mail of Snakes and Ladders {Harm
                  | rPois rN+ Dex-3} (You bought it in a shop on level 6 of the
                  | Dungeon)
  5891 | D:6      | Found a hide-covered altar of Uskayaw.
  6225 | D:7      | Reached * piety under Okawaru
  6440 | D:7      | Noticed Pikel
  6456 | D:7      | Killed Pikel
  6457 | D:7      | Reached XP level 10. HP: 76/80 MP: 10/10
  6710 | D:8      | Reached ** piety under Okawaru
  6711 | D:8      | Reached skill level 1 in Invocations
  6766 | D:8      | Found a sparkling altar of Nemelex Xobeh.
  7061 | D:8      | Noticed Joseph
  7074 | D:8      | Killed Joseph
  7527 | D:9      | HP: 3/82 [yak (12)]
  7774 | D:9      | Found a shimmering blue altar of Sif Muna.
  7944 | D:9      | Reached *** piety under Okawaru
  8004 | D:9      | Reached XP level 11. HP: 39/89 MP: 10/14
  8648 | D:10     | Entered Level 10 of the Dungeon
  9442 | D:9      | Reached skill level 10 in Shields
  9958 | D:9      | Found a staircase to the Orcish Mines.
 10568 | D:10     | Reached skill level 10 in Fighting
 10661 | D:10     | Found a staircase to the Lair.
 10709 | D:10     | Reached **** piety under Okawaru
 10803 | D:10     | Found Tuvyl's CLEARANCE SALE!.
 10892 | D:10     | Found an ornate altar of the Wu Jian Council.
 11013 | Lair:1   | Entered Level 1 of the Lair of Beasts
 11013 | Lair:1   | Found a frozen archway.
 11114 | IceCv    | Entered an ice cave
 11719 | Lair:1   | Reached XP level 12. HP: 97/98 MP: 15/15
 11733 | Lair:1   | Noticed a boulder beetle
 11773 | Lair:1   | HP: 3/98 [boulder beetle (11)]
 11775 | Lair:1   | Slain by a boulder beetle

Illustrated notes

Levels and vault maps discovered:
D:1:      reono_arrival_mine, layout_basic, minmay_vboxes
D:2:      minmay_roachtagon, layout_basic, serial_shops, shop
D:3:      layout_basic, ashenzari_altar_1
D:4:      kennysheep_six_static_rooms, layout_loops_ring,
          mainiacjoe_overflow_boulevard, ebering_ghost_inner_flame, uniq_ijyb
D:5:      minmay_diamond_boxcup, layout_cave_pools, general_overflow_altar,
          nicolae_qazlal_beasts_of_the_sky, minmay_misc_feat_encased
D:6:      layout_gridville, trog_ov_bears_minmay, marbit_many_paths,
          minmay_temple_entry_gardened_gates, nicolae_wooded_promenade,
          nicolae_underground_beach
D:7:      layout_basic, uniq_pikel
D:8:      layout_gridville, amcnicky_altar_gilded, fungi_pond_lemuel,
          serial_bayou_pond_a, chequers_hall_statues_corner_a,
          dreamdust_wishing_well, uniq_joseph
D:9:      layout_loops_ring, mainiacjoe_overflow_small_starburst, erik_orc_2
D:10:     layout_basic, nicolae_wu_jian_immortal_techniques,
          minmay_lair_entry_grove, small_statue_alley_a, fountainhead,
          nicolae_shop_clearance
D:11:     layout_roguey, uniq_erica
Temple:   dshaligram_water_room_temple
Lair:1:   layout_hall_layers, portal_ice_cave_entry_imps, uniq_grum

Skill      XL: |  1  2  3  4  5  6  7  8  9 10 11 12 |
---------------+-------------------------------------+-----
Armour         | 1 2 3 4 5 7 8 9 |  9.7
Fighting       | 4 5 6 8 9 10 | 10.4
Axes           | 3 4 5 6 8 9 |  9.2
Shields        | 1 2 4 5 7 9 10 | 10.9
Invocations    | 4 |  4.2
Dodging        | 3 4 |  4.2
Stealth        | |  6.1

Action                     |  1- 3 |  4- 6 |  7- 9 | 10-12 || total
---------------------------+-------+-------+-------+-------++-------
  Melee: Hand axe          |    67 |   120 |   187 |   539 ||   913
         Dagger            |    62 |    69 |       |       ||   131
         Punch             |       |     1 |       |       ||     1
 Invoke: Heroism           |       |       |       |    16 ||    16
Ability: Dig               |       |     1 |       |     2 ||     3
    Use: Scroll            |     1 |       |     5 |     7 ||    13
         Potion            |       |     1 |       |     5 ||     6
   Stab: Sleeping          |     2 |       |       |       ||     2
 Armour: Leather armour    |     9 |       |       |       ||     9
         Chain mail        |    74 |   115 |   118 |   168 ||   475
  Dodge: Dodged            |    78 |    65 |    66 |   154 ||   363
  Block: Kite shield       |       |    35 |   105 |   289 ||   429

Table legend: (Time is in decaauts)
 A = Elapsed time spent in this place.
 B = Non-inter-level travel time spent in this place.
 C = Inter-level travel time spent in this place.
 D = Time resting spent in this place.
 E = Time spent auto-exploring this place.
 F = Levels seen in this place.
 G = Mean time per level.
                   A        B        C        D        E       F      G
               +--------+--------+--------+--------+--------+-----+--------+
         Total |  11774 |  11241 |    533 |    740 |   7648 |  14 |  841.0 |
       Dungeon |  10784 |  10276 |    508 |    654 |   7225 |  11 |  980.4 |
        Temple |    254 |    235 |     19 |      0 |      0 |   1 |  254.0 |
          Lair |    650 |    644 |      6 |     62 |    423 |   1 |  650.0 |
      Ice Cave |     84 |     84 |      0 |     24 |      0 |   1 |   84.0 |
               +--------+--------+--------+--------+--------+-----+--------+

Top non-repeatable levels by time:
     D:9: 1781 daAuts
    D:10: 1687 daAuts
     D:3: 1305 daAuts
     D:1: 1202 daAuts
     D:4: 1115 daAuts
     D:8: 916 daAuts
     D:5: 764 daAuts
     D:6: 699 daAuts
     D:2: 666 daAuts
  Lair:1: 650 daAuts
     D:7: 643 daAuts
  Temple: 254 daAuts
   IceCv: 84 daAuts
    D:11: 1 daAuts
